 Dungeon Crawl Stone Soup version 0.19.5 (webtiles) character file.

47 Peloso the Covered (level 3, 0/33 HPs)
             Began as a Minotaur Fighter on Mar 28, 2017.
             Killed by nerve-wracking pain
             ... invoked by Jessica
              (4 damage)
             ... on level 2 of the Dungeon.
             The game lasted 00:02:50 (1539 turns).

Peloso the Covered (Minotaur Fighter)               Turns: 1539, Time: 00:02:52

Health: 0/33       AC:  7    Str: 17 (20) XL:     3   Next: 48%
Magic:  2/2        EV:  7    Int:  2 (5)  God:
Gold:   94         SH:  9    Dex:  9 (10) Spells: 0 memorised, 2 levels left

rFire  . . .     SeeInvis .     a - +0 long sword
rCold  . . .     Gourm    .     b - +0 scale mail
rNeg   . . .     Faith    .     c - +0 shield
rPois  .         Spirit   .     (helmet restricted)
rElec  .         Reflect  .     (no cloak)
rCorr  .         Harm     .     (no gloves)
MR     .....                    (no boots)
Stlth  ..........               (no amulet)
                                (no ring)
                                (no ring)

@: slowed, very slow
A: retaliatory headbutt, horns 2
a: no special abilities


You were on level 2 of the Dungeon.
You were not hungry.

You visited 1 branch of the dungeon, and saw 2 of its levels.

You collected 94 gold pieces.

Inventory:

Hand Weapons
 a - a +0 long sword (weapon)
Armour
 b - a +0 scale mail (worn)
 c - a +0 shield (worn)
Jewellery
 j - a cursed ring of teleportation {unknown}
 m - an uncursed amulet of guardian spirit {unknown}
 n - a cursed +5 ring of intelligence {unknown}
 o - an uncursed ring of fire {unknown}
Scrolls
 e - a scroll of magic mapping {unknown}
 h - a scroll of fog {unknown}
 i - 2 scrolls of remove curse {unknown}
 k - 2 scrolls of fear {unknown}
 l - a scroll of identify {unknown}
 r - a scroll of noise {unknown}
Potions
 d - 2 potions of might
 g - a potion of haste
 p - a potion of brilliance {unknown}
 q - a potion of curing {unknown}
Comestibles
 f - 5 bread rations


   Skills:
 + Level 3.9 Fighting
 + Level 2.8 Long Blades
 + Level 4.3 Armour
 + Level 0.9 Dodging
 + Level 4.2 Shields


You had 2 spell levels left.
You didn't know any spells.

Dungeon Overview and Level Annotations

Branches:
Dungeon (2/15)

Altars:

Annotations:
D:2 Jessica


Innate Abilities, Weirdness & Mutations

You reflexively headbutt those who attack you in melee.
You have a pair of horns on your head.


Message History

The kobold shouts!
Jessica gestures at you while chanting. Pain shoots through your body!
Found a scroll labeled PIYCKA YW HIY.
Your shield and scale mail prevent you from hitting Jessica.
Jessica gestures wildly while chanting.
Jessica blinks!
Jessica gestures at you while chanting.
You feel yourself slow down. Jessica casts a spell at you.
Pain shoots through your body!
Jessica gestures wildly while chanting.
Jessica blinks!
Jessica gestures at you while chanting. Pain shoots through your body!
* * * LOW HITPOINT WARNING * * *
The kobold barely misses you. You furiously retaliate!
You headbutt the kobold. Jessica gestures at you while chanting.
Pain shoots through your body!
You die...

..#......(((..(.........
..
..#......#.##.....†.....
... ###.##.........##....#
....# #.###.###......##.##
......##?###.######...##.#
#............§#......##.#
.........................#
#####.....................
.....#...@...........
######...K...........
.................
#####@...........
##.......... ##...?.#..
####### #


You could see Jessica and a kobold.

Vanquished Creatures
  An ooze (D:1)
  A leopard gecko (D:1)
  2 giant cockroaches (D:1)
  5 goblins
  6 hobgoblins
  7 jackals
  6 kobolds
  3 bats (D:1)
  2 frilled lizards
  4 rats
37 creatures vanquished.

Notes
Turn   | Place    | Note
-------+----------+-------------------------------------------
     0 | D:1      | Peloso the Minotaur Fighter began the quest for the Orb.
     0 | D:1      | Reached XP level 1. HP: 19/19 MP: 0/0
   159 | D:1      | Reached XP level 2. HP: 26/27 MP: 1/1
   611 | D:1      | Reached XP level 3. HP: 33/33 MP: 2/2
  1528 | D:2      | Noticed Jessica
  1539 | D:2      | Killed from afar by Jessica

Skill      XL: |  1  2 |
---------------+-------+-----
Armour         | 4 |  4.3
Shields        | 4 |  4.2
Fighting       | |  3.9
Long Blades    | |  2.8
Dodging        | |  0.9

Action                   || total
-------------------------++-------
Melee: Long sword        ||    88
       Headbutt          ||     9
  Use: Potion            ||     3
  Eat: Chunk             ||     2
Armor: Scale mail        ||    38
Dodge: Dodged            ||    32
Block: Shield            ||    51
       Rpst.: Long sword ||    10
